 Dungeon Crawl Stone Soup version 0.30.0-15-g856e2d3f33 (webtiles) character file.

Game seed: 4654322362999409868

515 Drazool the Cudgeller (level 7, -1/52 HPs)
             Began as a Demonspawn Fighter on May 18, 2023.
             Slain by Duvessa
             ... wielding a +0 rapier
              (14 damage)
             ... on level 4 of the Dungeon.
             The game lasted 00:07:55 (3093 turns).

Drazool the Cudgeller (Demonspawn Fighter)          Turns: 3093, Time: 00:07:55

Health: -1/52      AC: 14    Str: 18    XL:     7   Next: 0%
Magic:  7/7        EV:  9    Int:  9    God:
Gold:   200        SH: 10    Dex: 13    Spells: 6/6 levels left

rFire   . . .        a - +0 flail
rCold   . . .        u - +2 buckler
rNeg    . . .        b - +0 scale mail
rPois   .            (no helmet)
rElec   .            e - +1 cloak {rCorr}
rCorr   +            (no gloves)
SInv    .            (no boots)
Will    .....        (no amulet) Stlth
                     (no ring)
HPRegen 0.28/turn    (no ring)
MPRegen 0.10/turn

%: no passive effects
@: sanguine armoured
A: sanguine armour 1, condensation shield, demonic magic 1
a: no special abilities


You were on level 4 of the Dungeon.
You visited 1 branch of the dungeon, and saw 5 of its levels.

You collected 250 gold pieces.
You spent 50 gold pieces at shops.

Inventory:

Hand Weapons
 a - a +0 flail (weapon)
 k - the +7 staff of the Meek {protect, meekguard}
   (You found it on level 2 of the Dungeon)
Missiles
 j - a throwing net (quivered)
 x - 12 poisoned darts
Armour
 b - a +0 scale mail (worn)
 e - a +1 cloak of preservation (worn)
 u - a +2 buckler (worn)
Jewellery
 w - a ring of protection from fire
Wands
 l - a wand of digging (7)
Scrolls
 c - a scroll of enchant weapon
 h - 2 scrolls of torment
 p - a scroll of poison
 q - a scroll of blinking
 s - a scroll of silence
 y - a scroll of amnesia {unknown}
Potions
 d - a potion of might
 f - a potion of magic {unknown}
 g - 4 potions of curing
 i - 2 potions of heal wounds
 m - a potion of ambrosia {unknown}
 n - a potion of cancellation {unknown}
 o - a potion of degeneration {unknown}
 r - a potion of resistance {unknown}
 t - 2 potions of mutation {unknown}
 v - a potion of flight {unknown}


   Skills:
 + Level 3.5 Fighting
 - Level 6.7 Maces & Flails
 - Level 2.7 Armour
 - Level 2.7 Shields


You had 6 spell levels left.
You didn't know any spells.
Your spell library contained the following spells:

 Spells                   Type           Power      Damage    Failure   Level
 Conjure Ball Lightning   Conj/Air       0%         3x3d6     100%        6
 Discord                  Hex            0%         N/A       100%        8
 Disjunction              Tloc           0%         N/A       100%        8


Dungeon Overview and Level Annotations

Branches:
Dungeon (5/15)
 Temple: D:4-7

Altars:
Vehumet

Shops:
D:2 (*?

Annotations:
D:4 Duvessa


Innate Abilities, Weirdness & Mutations

When seriously injured, your blood forms armour. (AC +6)
A meltable shield of frost defends you. (SH +4)
Spells you cast may paralyse adjacent enemies.


Message History

Duvessa goes berserk!
You block the worm's attack.
You barely miss the worm.
Duvessa rages.
The worm bites you.
You barely miss the worm. You closely miss Duvessa. You block Duvessa's attack.
Duvessa hits you with a +0 rapier. You block the worm's attack.
You completely miss Duvessa. Duvessa hits you with a +0 rapier.
You block Duvessa's attack. The worm bites you.
You hit Duvessa.
Duvessa is lightly wounded.
You block Duvessa's attack. x2
You barely miss Duvessa.
Duvessa is lightly wounded.
Duvessa hits you with a +0 rapier.
Your blood congeals into armour.
The worm misses you.
You hit Duvessa but do no damage.
Duvessa is lightly wounded.
Duvessa hits you with a +0 rapier!!
* * * LOW HITPOINT WARNING * * *
You block Duvessa's attack.
You are too injured to fight recklessly!
You are too injured to fight recklessly!
Unknown command.
You feel much better.
Your blood armour dries and flakes away.
Duvessa hits you with a +0 rapier!
Your blood congeals into armour.
The worm bites you but does no damage.
You hit the worm.
The worm is moderately wounded.
Duvessa completely misses you. You block Duvessa's attack. The worm bites you.
You sock the worm!
The worm is almost dead.
Duvessa closely misses you. Duvessa hits you with a +0 rapier.
* * * LOW HITPOINT WARNING * * *
You thump the worm!
You kill the worm!
You block Duvessa's attack. Duvessa hits you with a +0 rapier!
You die...

##..#.......
.......#..###..###.....#
.......................#
#................#.....#
#......................#
.......................#
.#.....................
.#..............e..#
.#..............@.#
..................#
.............)...##
....)....##......#
..##...########..#
#..#............##
#..####.........###
#..(..............#
#.#####...........#


You could see Duvessa (berserk).

Vanquished Creatures
  A scorpion (D:4)
  Dowan (D:4)
  4 hounds
  A jelly (D:3)
  A gnoll bouda (D:4)
  A sleepcap (D:4)
  7 gnolls
  6 adders
  4 worms
  A dart slug (D:2)
  5 orcs
  8 ball pythons
  6 endoplasms
  A giant cockroach (D:2)
  4 goblins
  2 hobgoblins
  5 jackals
  5 kobolds
  4 quokkas
  6 bats
  4 frilled lizards (D:1)
  6 rats
83 creatures vanquished.

Notes
Turn   | Place    | Note
-------+----------+-------------------------------------------
     0 | D:1      | Drazool the Demonspawn Fighter began the quest for the Orb.
     0 | D:1      | Reached XP level 1. HP: 18/18 MP: 1/1
    98 | D:1      | Reached skill level 2 in Maces & Flails
   204 | D:1      | Gained mutation: A meltable shield of frost defends you.
                  | (SH +4) [demonic ancestry]
   204 | D:1      | Reached XP level 2. HP: 24/24 MP: 2/2
   807 | D:2      | Reached skill level 3 in Maces & Flails
   807 | D:2      | Reached XP level 3. HP: 23/29 MP: 3/3
  1046 | D:2      | Found the +7 staff of the Meek {protect, meekguard}
  1131 | D:2      | Found Puapsibu's General Store.
  1140 | D:2      | Bought a potion of heal wounds for 50 gold pieces
  1270 | D:2      | Found Nacoxent's Magic Scroll Boutique.
  1342 | D:2      | Found Syhir's Weapon Emporium.
  1403 | D:3      | Gained mutation: Spells you cast may paralyse adjacent
                  | enemies. [demonic ancestry]
  1403 | D:3      | Reached XP level 4. HP: 35/35 MP: 4/4
  1784 | D:3      | Found a radiant altar of Vehumet.
  1792 | D:3      | Reached skill level 4 in Maces & Flails
  2422 | D:3      | Gained mutation: When seriously injured, your blood forms
                  | armour. (AC +6) [demonic ancestry]
  2422 | D:3      | Reached XP level 5. HP: 9/41 MP: 5/5
  2426 | D:3      | Reached skill level 5 in Maces & Flails
  2485 | D:4      | You fall into a shaft and drop 1 floor!
  2485 | D:5      | Entered Level 5 of the Dungeon
  2647 | D:4      | Reached XP level 6. HP: 46/47 MP: 6/6
  2696 | D:4      | Reached skill level 6 in Maces & Flails
  2735 | D:4      | Noticed Duvessa
  2740 | D:4      | Noticed Dowan
  2807 | D:4      | Killed Dowan
  2985 | D:4      | Reached XP level 7. HP: 48/52 MP: 7/7
  3093 | D:4      | Slain by Duvessa

Illustrated notes

Levels and vault maps discovered:
D:1:      evilmike_arrival_fibonacci_small, layout_basic,
          minmay_misc_feat_tower, minmay_door_square, minmay_misc_feat_columns,
          minmay_misc_feat_ornament
D:2:      layout_rooms, serial_shops, nicolae_shop_rolled_up,
          nicolae_shop_hallway_stairs, shop
D:3:      layout_basic, mainiacjoe_overflow_cross_hatched,
          kennysheep_generic_room_2
D:4:      layout_rooms, uniq_duvessa
D:5:      cheibrodos_barr_body, layout_basic, lemuel_crystal_altar,
          serial_bayou, serial_bayou_pond_e, serial_bayou_pond_a,
          serial_bayou_crossing, serial_bayou_pond_d, serial_bayou_ford_a,
          serial_bayou_pond_d

Skill      XL: |  1  2  3  4  5  6 |
---------------+-------------------+-----
Maces & Flails | 2 3 4 5 6 |  6.7
Fighting       | |  3.5
Armour         | |  2.7
Shields        | |  2.7

Action                     |  1- 3 |  4- 6 |  7- 9 || total
---------------------------+-------+-------+-------++-------
  Melee: Flail             |   111 |   154 |    12 ||   277
  Throw: Dart              |     1 |    12 |       ||    13
    Use: Scroll            |     4 |     4 |       ||     8
         Potion            |       |     1 |     1 ||     2
 Armour: Scale mail        |    54 |    51 |     1 ||   106
  Dodge: Dodged            |    35 |    73 |     4 ||   112
  Block: Buckler           |    51 |    85 |    10 ||   146
